Map: Pillars of Gold LE

Players

Reynor - Winner!

  • Race: Zerg Zerg
  • Spawn Location: 7:00

Zest

  • Race: Protoss Protoss
  • Spawn Location: 1:00

Event: IEM Katowice 2021

VOD

Have the link to the VOD?

Description

Time

  • Played on: Feb. 28, 2021, 1:14 p.m.
  • Length: 9:57

All games in this series

Show
View Real Time Build Order
Export as new Build Order

Reynor Zerg - Winner!

Build Orders: Hatch First 

Get SALT Encoding   

  12  0:00  Drone  
  13  0:12  Overlord  
  13  0:17  Drone  
  14  0:30  Drone x2  
  16  0:40  Drone  
  17  0:55  Hatchery  
  16  0:57  Drone  
  16  1:00  Drone  
  18  1:10  Extractor  
  17  1:16  Spawning Pool  
  16  1:19  Drone  
  16  1:22  Drone  
  18  1:27  Drone  
  19  1:39  Drone  
  20  1:49  Overlord  
  20  2:01  Drone  
  20  2:06  Queen  
  20  2:07  Drone, Queen  
  26  2:12  Zergling x2  
  27  2:18  Drone  
  27  2:21  Drone  
  29  2:29  Drone  
  30  2:32  Drone  
  31  2:37  Hatchery  
  30  2:45  Pneumatized Carapace  
  30  2:47  Drone  
  31  2:52  Queen  
  31  2:57  Overlord  
  33  2:59  Drone  
  33  3:01  Drone  
  33  3:04  Drone  
  36  3:15  Drone x3  
  36  3:17  Drone x2  
  36  3:19  Overlord  
  41  3:22  Drone  
  41  3:25  Metabolic Boost  
  42  3:28  Zergling x2  
  43  3:37  Queen, Spore Crawler  
  43  3:40  Drone x2  
  46  3:43  Drone  
  46  3:47  Zergling x4  
  49  3:49  Drone  
  49  3:50  Overlord  
  49  3:53  Drone  
  51  3:56  Drone  
  51  4:00  Queen  
  51  4:01  Drone  
  55  4:06  Drone  
  55  4:08  Spore Crawler  
  55  4:09  Overlord  
  55  4:10  Drone  
  55  4:13  Zergling x2  
  57  4:18  Drone x2  
  57  4:21  Zergling x2  
  57  4:22  Drone  
  57  4:23  Drone  
  61  4:26  Queen  
  61  4:28  Overlord  
  61  4:30  Drone x2  
  65  4:32  Drone  
  65  4:35  Overlord  
  65  4:36  Drone  
  65  4:37  Drone  
  68  4:38  Drone  
  68  4:40  Drone  
  68  4:41  Drone  
  68  4:45  Overlord  
  71  4:46  Drone  
  71  4:49  Lair  
  71  4:50  Drone  
  71  4:52  Extractor  
  72  4:53  Drone  
  72  4:54  Drone  
  72  4:57  Drone x2  
  72  4:58  Drone  
  77  5:02  Queen  
  77  5:04  Drone x2  
  81  5:07  Overlord  
  81  5:09  Drone x3  
  81  5:12  Spore Crawler  
  83  5:14  Extractor x2, Queen  
  83  5:16  Drone x2  
  83  5:19  Evolution Chamber, Extractor  
  83  5:20  Drone  
  83  5:21  Extractor  
  83  5:23  Drone  
  83  5:31  Drone x2  
  83  5:32  Drone  
  83  5:33  Drone  
  87  5:38  Drone x3  
  87  5:41  Hatchery  
  87  5:42  Roach Warren  
  88  5:43  Queen  
  88  5:47  Zerg Missile Weapons Level 1  
  90  5:50  Overlord  
  90  5:57  Overlord  
  90  5:58  Drone x4  
  90  5:59  Drone, Queen  
  90  6:02  Overlord  
  90  6:04  Drone  
  98  6:06  Overlord  
  98  6:07  Overseer  
  98  6:11  Queen  
  98  6:16  Drone x2  
  102  6:20  Overlord x2  
  102  6:24  Roach  
  102  6:25  Roach  
  110  6:30  Overlord  
  110  6:38  Drone x2  
  112  6:41  Overlord  
  112  6:43  Roach  
  112  6:44  Roach x7  
  112  6:46  Roach  
  126  6:52  Roach x2  
  126  6:53  Roach x3  
  136  6:56  Roach x2  
  136  6:59  Spore Crawler  
  140  7:01  Roach  
  140  7:03  Roach x4  
  140  7:06  Roach x2  
  151  7:10  Roach x2  
  151  7:11  Roach  
  151  7:14  Overlord  
  157  7:16  Roach x2  
  157  7:19  Roach  
  157  7:22  Glial Reconstitution  
  162  7:23  Queen  
  162  7:27  Overlord x2  
  164  7:34  Drone x3  
  164  7:36  Roach x4  
  175  7:38  Overlord  
  175  7:39  Overseer, Overlord  
  175  7:44  Overlord  
  175  7:47  Roach x4  
  175  7:50  Queen  
  185  7:52  Overlord  
  186  7:58  Ravager x11  
  186  7:59  Ravager x3  
  199  8:13  Overseer  
  185  8:35  Queen x2  
  185  8:36  Roach x6  
  187  8:43  Roach x6  
  187  8:46  Roach x5  
  183  8:51  Queen  
  183  8:52  Roach x8  
  183  8:55  Roach  
  185  9:00  Roach x3  
  169  9:09  Roach x5  
  172  9:12  Roach x2  
  166  9:17  Ravager x2  
  166  9:23  Roach  
  166  9:24  Zergling x2, Roach x4  
  171  9:37  Zergling x6, Roach  
  169  9:52  Ravager x3  
Show
View Real Time Build Order
Export as new Build Order

Zest Protoss 

Build Orders: 1 Gate Expand, Oracle Opening, Archon Immortal 

Get SALT Encoding   

  12  0:00  Probe  
  13  0:12  Probe  
  14  0:20  Pylon  
  14  0:24  Probe  
  15  0:38  Probe (Chrono Boost)  
  15  0:41  Gateway  
  16  0:47  Probe (Chrono Boost)  
  17  0:51  Assimilator  
  17  0:53  Probe  
  18  1:05  Probe  
  19  1:17  Probe  
  20  1:29  Nexus  
  20  1:40  Cybernetics Core  
  20  1:42  Probe  
  21  1:49  Assimilator  
  21  1:55  Probe  
  21  1:58  Pylon  
  22  2:10  Probe (Chrono Boost)  
  23  2:16  Adept  
  23  2:20  Probe (Chrono Boost)  
  23  2:22  Stargate  
  26  2:24  Probe (Chrono Boost)  
  26  2:28  Warp Gate  
  28  2:39  Probe (Chrono Boost)  
  28  2:41  Probe (Chrono Boost)  
  29  2:48  Adept  
  29  2:50  Probe (Chrono Boost)  
  33  2:52  Probe (Chrono Boost)  
  33  2:55  Probe (Chrono Boost)  
  33  2:57  Void Ray (Chrono Boost)  
  34  3:00  Probe  
  35  3:07  Probe  
  40  3:15  Pylon, Probe  
  41  3:20  Gateway  
  41  3:25  Probe  
  41  3:27  Probe  
  43  3:30  Oracle (Chrono Boost)  
  46  3:37  Probe  
  46  3:39  Probe  
  48  3:49  Probe  
  48  3:53  Nexus  
  49  3:57  Pylon  
  49  3:59  Probe  
  50  4:07  Assimilator, Probe  
  51  4:11  Assimilator, Probe  
  51  4:14  Stargate  
  52  4:18  Void Ray  
  56  4:24  Probe  
  56  4:26  Probe  
  58  4:36  Pylon, Probe (Chrono Boost)  
  60  4:38  Probe (Chrono Boost)  
  60  4:43  Pylon  
  60  4:48  Probe (Chrono Boost)  
  60  4:50  Probe (Chrono Boost)  
  62  4:55  Probe x2 (Chrono Boost)  
  62  4:57  Twilight Council  
  62  4:58  Forge  
  64  5:00  Void Ray  
  64  5:03  Probe (Chrono Boost)  
  64  5:04  Void Ray, Probe (Chrono Boost)  
  76  5:15  Probe (Chrono Boost)  
  76  5:17  Probe x2 (Chrono Boost)  
  77  5:22  Probe (Chrono Boost)  
  77  5:24  Probe (Chrono Boost)  
  77  5:25  Probe (Chrono Boost)  
  77  5:26  Shield Battery  
  80  5:28  Pylon  
  80  5:33  Protoss Ground Weapons Level 1  
  80  5:34  Charge, Probe (Chrono Boost)  
  80  5:35  Probe (Chrono Boost)  
  83  5:39  Probe (Chrono Boost)  
  83  5:41  Probe (Chrono Boost)  
  85  5:43  Probe (Chrono Boost)  
  85  5:44  Robotics Facility  
  85  5:46  Assimilator x2, Probe  
  85  5:49  Probe  
  87  5:53  Probe  
  88  5:58  Probe  
  88  5:59  Pylon  
  88  6:01  Templar Archives, Probe  
  88  6:03  Gateway x2  
  90  6:15  Pylon  
  90  6:23  Gateway x2  
  90  6:26  Gateway  
  90  6:28  Gateway  
  90  6:30  Photon Cannon  
  90  6:31  Gateway  
  91  6:32  Observer (Chrono Boost)  
  91  6:37  High Templar  
  91  6:38  High Templar  
  95  6:46  Immortal (Chrono Boost), Psionic Storm  
  95  6:47  Archon  
  95  6:49  Pylon  
  99  7:05  High Templar x2  
  99  7:08  Probe x2  
  105  7:11  Pylon  
  105  7:19  Nexus  
  105  7:21  Immortal (Chrono Boost)  
  105  7:23  Pylon, High Templar x2  
  105  7:25  Pylon  
  113  7:30  Zealot x4  
  113  7:31  Zealot  
  113  7:33  Photon Cannon  
  113  7:35  Shield Battery  
  123  7:43  High Templar x2  
  127  7:48  Shield Battery, Photon Cannon  
  127  7:50  Immortal (Chrono Boost)  
  127  7:54  Zealot x5  
  141  8:09  Zealot x2  
  142  8:19  Zealot x3  
  148  8:30  Immortal (Chrono Boost)  
  148  8:34  Archon  
  146  8:35  Zealot x6  
  146  8:45  Archon  
  126  8:48  Zealot  
  126  8:49  Zealot x2  
  110  8:56  Zealot  
  110  8:57  Zealot x5  
  106  9:06  Immortal (Chrono Boost)  
  106  9:09  Zealot x3  
  96  9:20  High Templar x5  
  96  9:21  High Templar  
  108  9:24  Archon  
  108  9:25  Archon  
  108  9:26  Archon  
  90  9:39  Zealot x3  

Tags
 
Add a new tag
Caveats
  • Supply blocks, unpowered buildings, or Contaminate may cause inaccurate times.
  • Supply counts are checked every 10 seconds.